Map: Ruins of Endion

Players

Pokebunny - Winner!

  • Race: Terran Terran
  • League: Grandmaster

Fitzyhere

  • Race: Zerg Zerg
  • League: Grandmaster

VOD

Have the link to the VOD?

Description

Time

  • Played on: April 7, 2016, 7:56 p.m.
  • Length: 7:49
Show
View Real Time Build Order
Export as new Build Order

Pokebunny Terran - Winner!

Build Orders: Reaper Expand, MMM Bio 

Get SALT Encoding   

  12  0:00  SCV  
  13  0:13  SCV  
  14  0:17  Supply Depot  
  14  0:25  SCV  
  15  0:38  SCV  
  15  0:40  Barracks  
  16  0:44  Refinery  
  16  0:50  SCV  
  17  1:02  SCV  
  18  1:15  SCV  
  19  1:27  Orbital Command  
  19  1:28  Reaper  
  20  1:39  Command Center  
  20  1:50  Supply Depot  
  20  1:52  SCV  
  21  2:00  Barracks Reactor  
  21  2:05  SCV  
  22  2:10  Barracks  
  22  2:17  SCV  
  22  2:18  Barracks  
  23  2:29  Refinery, SCV  
  24  2:36  Marine x2  
  26  2:41  SCV  
  27  2:48  Factory  
  27  2:53  SCV  
  27  2:54  Orbital Command  
  27  2:58  Marine  
  28  2:59  Barracks Tech Lab  
  28  3:02  Marine  
  30  3:05  SCV  
  30  3:08  Marine  
  32  3:17  Marine, Stimpack  
  33  3:22  Marine, SCV  
  33  3:25  SCV  
  36  3:27  Marine  
  36  3:31  Marine  
  38  3:35  Starport  
  38  3:37  Factory Reactor  
  38  3:39  Marine  
  39  3:41  SCV  
  39  3:43  SCV  
  39  3:47  Supply Depot  
  41  3:50  Marine x2  
  41  3:51  Marine  
  44  3:57  Engineering Bay  
  44  3:59  SCV  
  44  4:01  SCV  
  46  4:08  Marine  
  47  4:11  SCV  
  47  4:12  Supply Depot  
  47  4:13  SCV  
  49  4:17  Refinery  
  49  4:19  Factory Tech Lab, Medivac  
  49  4:21  Medivac  
  53  4:30  Marine  
  54  4:33  Marine x3  
  48  4:48  Marine  
  48  4:51  Marine x3  
  46  5:04  Medivac x2  
  46  5:06  Marine  
  51  5:09  Marine, SCV  
  51  5:13  Barracks Reactor  
  53  5:15  Marine  
  53  5:19  Supply Depot  
  54  5:24  Siege Tank  
  54  5:27  Marine  
  58  5:32  SCV x2  
  60  5:36  Terran Infantry Weapons Level 1  
  59  5:47  Marine x3  
  59  5:50  Medivac  
  59  5:51  Marine x2  
  59  5:55  SCV  
  59  5:56  Supply Depot  
  59  5:57  SCV  
  65  6:02  Combat Shields  
  65  6:05  Marine x2  
  65  6:09  Marine  
  68  6:12  SCV  
  68  6:13  Supply Depot, SCV  
  68  6:18  Siege Tank  
  73  6:21  Marine  
  73  6:22  Marine  
  75  6:30  Marine x3  
  78  6:35  Medivac  
  78  6:37  Supply Depot  
  80  6:47  Marine x2  
  80  6:48  Marine x2  
  84  6:59  Marine  
  76  7:03  Siege Tank  
  76  7:05  Marine  
  76  7:08  Command Center, SCV  
  79  7:14  Marine x2  
  82  7:15  Marine  
  83  7:26  Marine x2  
Show
View Real Time Build Order
Export as new Build Order

Fitzyhere Zerg 

Build Orders: Hatch First 

Get SALT Encoding   

  12  0:00  Drone  
  13  0:12  Overlord  
  13  0:18  Drone  
  14  0:23  Drone, Extractor  
  15  0:31  Drone  
  15  0:35  Drone  
  17  0:52  Hatchery  
  17  0:56  Drone  
  17  1:09  Spawning Pool  
  17  1:11  Drone  
  17  1:15  Drone  
  18  1:18  Extractor  
  18  1:20  Drone  
  18  1:32  Drone  
  19  1:39  Overlord  
  19  1:55  Queen  
  19  1:56  Zergling x2  
  22  2:05  Queen  
  22  2:06  Overlord  
  24  2:16  Drone x2  
  24  2:20  Overlord  
  26  2:27  Drone  
  26  2:28  Drone  
  28  2:31  Queen  
  30  2:40  Drone x2  
  30  2:42  Extractor  
  31  2:45  Queen  
  34  2:52  Drone x2  
  36  3:02  Drone, Roach Warren  
  36  3:04  Drone  
  37  3:15  Overlord  
  37  3:19  Pneumatized Carapace  
  37  3:22  Evolution Chamber  
  36  3:35  Zergling x4  
  36  3:36  Zergling x2  
  39  3:41  Roach x3  
  39  3:42  Roach  
  39  3:45  Queen  
  49  3:51  Roach  
  49  3:55  Roach  
  53  4:02  Drone x3  
  56  4:09  Queen  
  58  4:14  Drone x2  
  58  4:16  Spore Crawler  
  59  4:21  Drone  
  60  4:29  Overlord  
  60  4:31  Overlord  
  58  4:47  Queen  
  58  4:49  Queen  
  56  5:02  Zerg Ground Armor Level 1  
  50  5:10  Drone x3  
  50  5:11  Roach, Spore Crawler  
  50  5:12  Roach  
  56  5:17  Spine Crawler  
  55  5:23  Queen  
  55  5:24  Queen, Extractor  
  58  5:33  Metabolic Boost  
  54  5:51  Roach x2  
  54  5:56  Spine Crawler  
  57  5:58  Spine Crawler  
  56  6:11  Spine Crawler, Roach x2  
  57  6:12  Queen x2  
  57  6:13  Zergling x2  
  57  6:14  Zergling x8  
  68  6:20  Overlord  
  68  6:38  Roach x3  
  74  6:49  Overlord x2  
  74  6:58  Zergling x2  
  74  6:59  Zergling x4  
  72  7:07  Queen x2  
  76  7:11  Roach x2  
  80  7:22  Roach x2  
Tags
 
Add a new tag
Caveats
  • Supply blocks, unpowered buildings, or Contaminate may cause inaccurate times.
  • Supply counts are checked every 10 seconds.